 Dungeon Crawl Stone Soup version 0.19.4 (webtiles) character file.

480 Jynx the Sneak (level 6, 0/41 HPs)
             Began as a Vampire Ice Elementalist on Feb 1, 2017.
             Succumbed to Ijyb's poison
             ... on level 3 of the Dungeon.
             The game lasted 00:06:30 (3362 turns).

Jynx the Sneak (Vampire Ice Elementalist)           Turns: 3362, Time: 00:06:31

Health: 0/41       AC:  5    Str:  7    XL:     6   Next: 86%
Magic:  9/11       EV: 14    Int: 18    God:
Gold:   154        SH:  0    Dex: 16    Spells: 2 memorised, 8 levels left

rFire  . . .     SeeInvis +     j - +4 dagger (vamp)
rCold  . . .     Gourm    .     a - +2 robe
rNeg   + . .     Faith    .     (no shield)
rPois  .         Spirit   .     h - +0 helmet (curse)
rElec  .         Reflect  .     (no cloak)
rCorr  .         Harm     .     (no gloves)
MR     +....                    (no boots)
Stlth  +++.......               (no amulet)
                                (no ring)
                                k - ring of protection from magic

@: lethally poisoned (0 -> -20)
A: fangs 3, see invisible, unbreathing
a: Bat Form


You were on level 3 of the Dungeon.
You were not thirsty.

You visited 1 branch of the dungeon, and saw 3 of its levels.

You collected 154 gold pieces.

Inventory:

Hand Weapons
 j - a +4 vampiric dagger (weapon)
 s - a +0 dagger of venom
Armour
 a - a +2 robe (worn)
 h - a cursed +0 helmet (worn)
Jewellery
 k - a ring of protection from magic (left hand)
Scrolls
 d - a scroll of remove curse
 e - 2 scrolls of immolation
 f - a scroll of amnesia {unknown}
 p - 3 scrolls of noise
 q - a scroll of teleportation
Potions
 c - a potion of blood
 g - a potion of might
 i - 2 potions of curing {unknown}
 o - 3 potions of ambrosia {unknown}
 r - a potion of heal wounds {unknown}
Books
 b - a book of Frost

   Spells                             Type                      Level
   a - Freeze                         Ice                          1
   b - Throw Frost                    Conjuration/Ice              2
   c - Ozocubu's Armour               Charms/Ice                   3
   d - Throw Icicle                   Conjuration/Ice              4
   e - Summon Ice Beast               Ice/Summoning                4


   Skills:
 + Level 3.9 Dodging
 + Level 5.6 Stealth
 + Level 3.7 Spellcasting
   Level 0.6 Conjurations
 * Level 5.4 Ice Magic


You had 8 spell levels left.
You knew the following spells:

 Your Spells              Type           Power        Failure   Level  Hunger
a - Freeze                Ice            ###.         1%          1    None
b - Ozocubu's Armour      Chrm/Ice       ##......     17%         3    ###....


Dungeon Overview and Level Annotations

Branches:
Dungeon (3/15)

Altars:
Ashenzari
Dithmenos
Sif Muna


Innate Abilities, Weirdness & Mutations

You have razor-sharp teeth.
You have supernaturally acute eyesight. (SInv)
You can survive without breathing.


Message History

You are more poisoned.
You hit Ijyb.
Ijyb is severely wounded.
You feel sick. Ijyb hits you with a dagger of venom.
You are more poisoned.
You hit Ijyb.
Ijyb is severely wounded.
You feel sick.
Ijyb zaps a wand.
The bolt of lightning hits you!
You hit Ijyb.
Ijyb is almost dead.
You feel sick.
Ijyb zaps a wand.
The bolt of lightning hits you!
* * * LOW HITPOINT WARNING * * *
Casting: Freeze
Confirm with . or Enter, or press ? or * to list all spells.
Aiming: Freeze
Press: ? - help, Shift-Dir - straight line, f/p - Ijyb
Aim: Ijyb, wielding a dagger of venom and carrying a wand of lightning {zapped: 3} (almost dead)
You freeze Ijyb.
You kill Ijyb!
You die...

#.......#.### #
+...⌠...'.#
#.......###
#.⌠...⌠.#
#.......####
####'####..#
#..##.#.# ####
##.##.#.##...#
#.##....@)..#
###
#.####.##....[#
#.. #.####.#
###### #.#
#......# #.#
######## #.#
##.# ###...
#..... #.#.##


There were no monsters in sight!

Vanquished Creatures
  Sigmund (D:3)
  The ghost of Minion the Chopper, an amateur OpCK of Xom (D:3)
  An orc priest (D:3)
  2 orc wizards (D:3)
  Ijyb (D:3)
  A gnoll (D:3)
  An adder (D:3)
  An ooze (D:3)
  2 dart slugs
  A leopard gecko (D:1)
  8 orcs (D:3)
  A ball python (D:3)
  2 giant cockroaches
  7 goblins
  3 hobgoblins
  5 jackals
  5 bats
  A frilled lizard (D:2)
  11 kobolds
  7 rats
62 creatures vanquished.

Notes
Turn   | Place    | Note
-------+----------+-------------------------------------------
     0 | D:1      | Jynx the Vampire Ice Elementalist began the quest for the Orb.
     0 | D:1      | Reached XP level 1. HP: 13/13 MP: 3/3
   363 | D:1      | Reached XP level 2. HP: 19/19 MP: 3/5
  1264 | D:2      | Reached XP level 3. HP: 24/24 MP: 4/6
  1271 | D:2      | Found a shattered altar of Ashenzari.
  1480 | D:2      | Found a deep blue altar of Sif Muna.
  1524 | D:2      | You fall through a shaft!
  1746 | D:3      | Reached XP level 4. HP: 11/30 MP: 1/8
  2106 | D:3      | Noticed Sigmund
  2141 | D:2      | Learned a level 3 spell: Ozocubu's Armour
  2152 | D:3      | Killed Sigmund
  2152 | D:3      | Reached skill level 5 in Stealth
  2152 | D:3      | Reached XP level 5. HP: 26/35 MP: 0/10
  2152 | D:3      | Reached XP level 6. HP: 31/41 MP: 0/11
  2288 | D:3      | Found a shadowy altar of Dithmenos.
  2300 | D:3      | Noticed Minion's ghost (amateur OpCK)
  2323 | D:3      | Paralysed by Minion's ghost for 2 turns
  3011 | D:3      | Killed Minion's ghost
  3011 | D:3      | Reached skill level 5 in Ice Magic
  3353 | D:3      | Noticed Ijyb
  3361 | D:3      | HP: 2/41 [Ijyb/wand of lightning (12)]
  3362 | D:3      | Killed Ijyb
  3362 | D:3      | Succumbed to Ijyb's poison

Skill      XL: |  1  2  3  4  5  6 |
---------------+-------------------+-----
Dodging        | 3 |  3.9
Spellcasting   | 3 |  3.7
Ice Magic      | 4 5 |  5.4
Stealth        | 5 |  5.6
Conjurations   | |  0.6

Action                   |  1- 3 |  4- 6 || total
-------------------------+-------+-------++-------
Melee: Unarmed           |    12 |       ||    12
       Dagger            |    17 |    41 ||    58
       Bite              |     2 |     5 ||     7
 Cast: Freeze            |    49 |    39 ||    88
       Ozocubu's Armour  |       |     2 ||     2
  Use: Scroll            |       |    11 ||    11
 Stab: Sleeping          |     1 |     1 ||     2
  Eat: Corpse            |    10 |     2 ||    12
Armor: Robe              |     8 |     9 ||    17
Dodge: Dodged            |    39 |    41 ||    80
